 Dungeon Crawl Stone Soup version 0.26-b1-45-g23770d1d51 (webtiles) character file.

Game seed: 2165032040312516312

209 Bloodgem the Skirmisher (level 5, 0/48 HPs)
             Began as a Minotaur Fighter on Jan 6, 2021.
             Killed by divine providence
             ... invoked by an orc priest
              (15 damage)
             ... on level 3 of the Dungeon.
             The game lasted 00:09:20 (2228 turns).

Bloodgem the Skirmisher (Minotaur Fighter)          Turns: 2228, Time: 00:09:20

Health: 0/48       AC: 10    Str: 22    XL:     5   Next: 55%
Magic:  4/4        EV:  9    Int:  5    God:
Gold:   247        SH:  4    Dex:  9    Spells: 4/4 levels left

rFire    . . .     SeeInvis .   a - +0 war axe
rCold    . . .     Faith    +   q - +0 buckler {AC+3}
rNeg     . . .     Spirit   .   b - +0 scale mail
rPois    .         Reflect  .   (helmet restricted)
rElec    .         Harm     .   (no cloak)
rCorr    .         Rampage  .   (no gloves)
Will     .....                  (no boots)
Stlth    ..........             n - amulet of faith
HPRegen  0.16/turn              (no ring)
MPRegen  0.09/turn              (no ring)

@: no status effects
A: retaliatory headbutt, horns 2
a: no special abilities


You were on level 3 of the Dungeon.
You visited 1 branch of the dungeon, and saw 4 of its levels.

You collected 247 gold pieces.

Inventory:

Hand Weapons
 a - a +0 war axe (weapon)
Missiles
 m - 7 atropa-tipped darts (quivered)
Armour
 b - a +0 scale mail (worn)
 c - a +0 kite shield
 q - a +0 buckler of protection (worn)
Jewellery
 n - an amulet of faith (around neck)
Wands
 o - a wand of acid (11)
Scrolls
 e - 2 scrolls of teleportation {unknown}
 f - 8 scrolls of identify {unknown}
 g - a scroll of enchant weapon {unknown}
 h - 2 scrolls of remove curse {unknown}
 j - 2 scrolls of fear {unknown}
 l - a scroll of random uselessness {unknown}
 p - a scroll of noise {unknown}
Potions
 d - 2 potions of might
 i - 2 potions of brilliance {unknown}
 k - 2 potions of curing
 r - a potion of heal wounds {unknown}
 s - a potion of attraction {unknown}
 t - a potion of haste {unknown}


   Skills:
 * Level 5.4 Fighting
 + Level 3.6 Axes
 + Level 4.8 Armour
 + Level 4.8 Shields


You had 4 spell levels left.
You didn't know any spells.
Your spell library was empty.

Dungeon Overview and Level Annotations

Branches:
Dungeon (4/15)
 Temple: D:4-7

Altars:
Makhleb
Trog
Xom

Annotations:
D:4 Sigmund


Innate Abilities, Weirdness & Mutations

You reflexively headbutt those who attack you in melee.
You have a pair of horns on your head.


Message History

You barely miss the orc priest.
The orc priest invokes the aid of Beogh against you.
Beogh smites you! Something hits you but does no damage.
You slash the orc priest! Your headbutt misses the orc priest.
The orc priest is severely wounded.
The orc priest invokes the aid of Beogh against you.
Beogh smites you! The orc priest closely misses you.
There is a stone staircase leading up here.
The orc priest invokes the aid of Beogh against you.
Beogh smites you!
* * * LOW HITPOINT WARNING * * *
You climb upwards.
Reactivating autopickup.
There is a stone staircase leading down here.
It was a potion of curing.
You feel better. The orc priest closely misses you.
You barely miss the orc priest. Your headbutt misses the orc priest.
The orc priest is severely wounded.
The orc priest calls down the wrath of Beogh upon you.
Beogh smites you!
You die...

#.# #.# #.# ####>#####.######
#.############ #.(.............#
#.#....#_._#.. #.##.#####.####.#
#.#.####(..###
#.##.#####.####.###.#.# #.).#
#.....).##.##.....#...# ##'##
#.##.##.#..##.#.#.#########.####
#.##.##.........................
##.#...........#@#.##############
......####.##..)o..# ### #####.#
#.##.##.### #.. # #.# #.##.##.###
#.# # #<# #.##.##...# #.# # #.#
#.##.####.# #.# #####.# #.##.#
#)# #.. ......# #.##.# #)# ##.#
.##..#####.##.# #.# #.##


You could see an orc priest.

Vanquished Creatures
  A crimson imp (D:3)
  2 orc priests (D:3)
  4 adders
  3 worms (D:3)
  3 leopard geckos
  9 orcs (D:3)
  3 giant cockroaches (D:1)
  6 goblins
  A hobgoblin (D:2)
  2 jackals (D:1)
  A ball python (D:1)
  12 bats
  A frilled lizard (D:3)
  5 kobolds
  10 rats
63 creatures vanquished.

Vanquished Creatures (others)
  5 plants (D:1)
5 creatures vanquished.

Grand Total: 68 creatures vanquished

Notes
Turn   | Place    | Note
-------+----------+-------------------------------------------
     0 | D:1      | Bloodgem the Minotaur Fighter began the quest for the Orb.
     0 | D:1      | Reached XP level 1. HP: 19/19 MP: 0/0
   103 | D:1      | Reached XP level 2. HP: 25/27 MP: 1/1
   188 | D:1      | Reached skill level 4 in Fighting
   539 | D:1      | Reached XP level 3. HP: 33/33 MP: 2/2
  1123 | D:3      | Reached XP level 4. HP: 41/41 MP: 3/3
  1184 | D:3      | Noticed a moth of wrath
  1187 | D:3      | Found a bloodstained altar of Trog.
  1354 | D:3      | Found a shimmering altar of Xom.
  1354 | D:3      | Found a burning altar of Makhleb.
  1392 | D:3      | Reached skill level 5 in Fighting
  1392 | D:3      | Reached XP level 5. HP: 41/48 MP: 4/4
  1973 | D:4      | Noticed Sigmund
  2228 | D:3      | Killed from afar by an orc priest

Illustrated notes

Levels and vault maps discovered:
D:1:      saegor_arrival_miasma, layout_basic, dk_noncrumbling_4,
          minmay_misc_feat_roman, serial_bayou_lagoon_a, minivault_24,
          hangedman_decor_push
D:2:      layout_rooms
D:3:      layout_loops_ring, tgw_trog, grunt_temple_overflow_champion_of_chaos,
          minmay_box_of_dots
D:4:      layout_basic, serial_shops, nicolae_shop_trees,
          nicolae_shop_waterfront, shop, uniq_sigmund

Skill      XL: |  1  2  3  4 |
---------------+-------------+-----
Armour         | 4 |  4.8
Fighting       | 4 5 |  5.4
Shields        | 4 |  4.8
Axes           | 3 |  3.6

Action                   |  1- 3 |  4- 6 || total
-------------------------+-------+-------++-------
Melee: War axe           |    89 |    73 ||   162
       Headbutt          |     8 |    10 ||    18
  Use: Potion            |       |     1 ||     1
Armor: Scale mail        |    42 |    26 ||    68
Dodge: Dodged            |    30 |    27 ||    57
Block: Kite shield       |    60 |    15 ||    75
       Buckler           |       |     9 ||     9
